Map: Kairos Junction LE

Players

Sakura - Winner!

  • Race: Protoss Protoss
  • Spawn Location: 5:00

Kas

  • Race: Terran Terran
  • League: Platinum
  • Spawn Location: 11:00

Event: 2019 WCS Summer

VOD

Have the link to the VOD?

Description

Time

  • Played on: July 12, 2019, 6:17 a.m.
  • Length: 8:33

All games in this series

Show
View Real Time Build Order
Export as new Build Order

Sakura Protoss - Winner!

Build Orders: 1 Gate Expand 

Get SALT Encoding   

  12  0:00  Probe  
  13  0:12  Probe  
  14  0:17  Pylon  
  14  0:24  Probe  
  15  0:35  Probe  
  15  0:36  Gateway  
  16  0:43  Probe  
  16  0:45  Assimilator  
  17  0:52  Probe  
  18  1:04  Probe  
  19  1:16  Probe  
  20  1:23  Cybernetics Core  
  20  1:33  Nexus  
  20  1:40  Pylon  
  20  1:42  Probe  
  21  1:49  Adept  
  21  1:51  Assimilator  
  21  1:59  Warp Gate  
  23  2:02  Probe  
  24  2:09  Stalker  
  24  2:14  Probe  
  27  2:26  Probe  
  27  2:37  Robotics Facility  
  27  2:40  Probe  
  28  2:52  Probe  
  28  2:53  Stalker  
  29  3:02  Gateway  
  29  3:03  Probe, Gateway  
  29  3:04  Probe  
  31  3:12  Warp Prism  
  31  3:15  Probe  
  31  3:16  Probe  
  35  3:27  Probe  
  35  3:31  Probe, Pylon  
  37  3:39  Probe  
  38  3:42  Observer  
  38  3:46  Probe  
  39  3:51  Probe  
  39  3:54  Stalker  
  43  4:00  Stalker  
  43  4:05  Probe  
  42  4:13  Probe  
  43  4:21  Stalker x2  
  43  4:22  Probe  
  43  4:23  Stalker  
  45  4:36  Probe  
  45  4:38  Probe  
  46  4:41  Twilight Council  
  46  4:44  Stalker x3, Probe, Pylon  
  54  4:56  Pylon  
  54  4:59  Charge, Probe  
  54  5:00  Probe  
  56  5:11  Probe  
  56  5:12  Probe  
  58  5:23  Gateway  
  58  5:24  Probe  
  58  5:25  Gateway  
  59  5:34  Probe  
  59  5:35  Gateway  
  60  5:36  Probe  
  60  5:38  Zealot x3  
  60  5:42  Observer  
  67  5:46  Pylon  
  67  5:49  Pylon  
  67  5:57  Nexus  
  67  6:08  Zealot x3  
  73  6:12  Blink  
  73  6:31  Probe x2  
  75  6:33  Forge  
  75  6:34  Gateway  
  75  6:35  Sentry x3  
  75  6:38  Gateway  
  81  6:43  Probe x2  
  83  6:50  Observer  
  84  6:55  Probe x2  
  86  7:09  Probe x2  
  86  7:11  Pylon  
  86  7:14  Pylon  
  88  7:21  Zealot x6  
  100  7:26  Probe  
  100  7:29  Probe  
  102  7:33  Pylon  
  102  7:34  Probe  
  102  7:35  Pylon  
  102  7:36  Zealot x2  
  107  7:38  Probe  
  108  7:46  Stalker x2  
  108  7:52  Shield Battery  
  108  7:55  Zealot x4  
  116  7:59  Zealot  
  101  8:20  Zealot  
  101  8:21  Zealot x6  
Show
View Real Time Build Order
Export as new Build Order

Kas Terran 

Build Orders:  

Get SALT Encoding   

  12  0:01  SCV  
  13  0:13  SCV  
  14  0:18  Supply Depot  
  14  0:25  SCV  
  15  0:39  SCV  
  15  0:41  Barracks  
  16  0:44  Refinery  
  16  0:51  SCV  
  17  1:03  SCV  
  18  1:15  SCV  
  19  1:31  Orbital Command, Barracks Reactor  
  19  1:42  Command Center  
  19  1:53  Supply Depot  
  19  1:59  SCV  
  20  2:06  Marine x2  
  22  2:11  Factory  
  22  2:15  SCV  
  23  2:20  Refinery  
  23  2:24  Marine  
  24  2:33  SCV  
  25  2:39  Marine  
  25  2:42  Marine  
  27  2:54  SCV  
  27  2:56  Starport  
  28  3:04  Hellion  
  30  3:06  SCV  
  30  3:08  Hellion  
  30  3:09  Barracks Tech Lab  
  30  3:12  Orbital Command  
  30  3:18  SCV  
  30  3:19  Bunker  
  31  3:30  SCV  
  32  3:36  Marine x2  
  32  3:39  Factory Tech Lab  
  32  3:40  SCV  
  35  3:41  Raven  
  35  3:42  SCV  
  38  3:52  SCV  
  38  3:53  Marine  
  38  3:54  Marine, SCV  
  42  3:57  Siege Tank  
  45  4:08  Supply Depot  
  45  4:09  SCV  
  44  4:11  Marine x2  
  44  4:16  Supply Depot  
  46  4:21  SCV  
  45  4:29  Marine x2  
  45  4:30  Siege Tank  
  43  4:41  Viking, SCV  
  46  4:47  Marine x2, SCV  
  49  4:54  SCV  
  49  4:59  Supply Depot  
  50  5:05  Marine x2  
  52  5:10  SCV  
  52  5:11  SCV  
  52  5:12  Bunker  
  56  5:14  Siege Tank  
  56  5:22  Marine  
  56  5:23  Marine, SCV x2  
  56  5:24  Barracks  
  56  5:26  Barracks  
  60  5:28  Starport Reactor  
  60  5:35  SCV x2  
  62  5:39  Supply Depot  
  62  5:40  Marine x2  
  64  5:43  Engineering Bay  
  64  5:45  Refinery  
  64  5:47  SCV x2  
  66  5:58  Marine x2  
  66  5:59  Factory Reactor, SCV x2, Supply Depot  
  66  6:02  Supply Depot  
  70  6:11  SCV x2, Terran Infantry Weapons Level 1  
  71  6:14  Stimpack  
  71  6:15  Refinery  
  72  6:19  Marine  
  72  6:20  Marauder, Marine  
  72  6:23  SCV x2  
  72  6:24  Combat Shield  
  78  6:26  Marauder  
  78  6:27  Supply Depot  
  80  6:35  SCV  
  80  6:37  Marine x2  
  80  6:38  Widow Mine  
  80  6:39  Widow Mine  
  87  6:45  Supply Depot x2  
  87  6:46  Marauder  
  89  6:47  Marauder  
  89  6:52  Medivac x2  
  95  6:54  SCV x2  
  95  6:58  Marine  
  95  6:59  Marine  
  95  7:00  Widow Mine  
  101  7:02  Supply Depot  
  101  7:06  Widow Mine, SCV  
  101  7:07  SCV  
  103  7:24  Marauder x2, Marine x2  
  103  7:26  Medivac x2  
  103  7:29  Widow Mine x2  
  117  7:42  Concussive Shells  
  117  7:47  Marauder x2  
  117  7:48  Marine  
  120  7:51  Command Center  
  120  8:00  Marine  
  121  8:06  Marine  
  121  8:09  Marauder x2  
  119  8:14  Barracks  
  119  8:15  Barracks  
Tags
 
Add a new tag
Caveats
  • Supply blocks, unpowered buildings, or Contaminate may cause inaccurate times.
  • Supply counts are checked every 10 seconds.